 Dungeon Crawl Stone Soup version 0.29-a0-355-g7276a9ff7f (webtiles) character file.

Game seed: 12464974322381107559

481 Venedis the Vexing (level 6, -5/28 HPs)
             Began as a Spriggan Enchanter on Apr 25, 2022.
             Slain by an iguana (13 damage)
             ... on level 4 of the Dungeon.
             The game lasted 00:09:52 (4574 turns).

Venedis the Vexing (Spriggan Enchanter)             Turns: 4574, Time: 00:09:52

Health: -5/28      AC:  2    Str:  6    XL:     6   Next: 87%
Magic:  11/16      EV: 17    Int: 16    God:
Gold:   102        SH:  0    Dex: 16    Spells: 6/17 levels left

rFire   . . .      SeeInvis +   a - +1 dagger
rCold   . . .      Faith    .   (no shield)
rNeg    + . .      Spirit   .   b - +0 robe
rPois   .          Reflect  .   (helmet restricted)
rElec   .          Harm     .   (no cloak)
rCorr   .          Rampage  .   (gloves unavailable)
Will    +....                   (boots unavailable)
Stlth   +++.......              m - amulet of magic regeneration
HPRegen 0.09/turn               e - ring of positive energy
MPRegen 0.55/turn               (no ring)

@: very quick
A: very small, no large weapons, unfitting armour, see invisible, speed 3
a: no special abilities


You were on level 4 of the Dungeon.
You visited 1 branch of the dungeon, and saw 4 of its levels.

You collected 102 gold pieces.

Inventory:

Hand Weapons
 a - a +1 dagger (weapon)
Missiles
 d - 6 poisoned darts (quivered)
 l - 2 throwing nets
Armour
 b - a +0 robe (worn)
Jewellery
 e - a ring of positive energy (left hand)
 m - an amulet of magic regeneration (around neck)
Wands
 n - a wand of iceblast (10)
 o - a wand of flame (3)
Scrolls
 r - a scroll of enchant weapon {unknown}
Potions
 c - 2 potions of invisibility
 f - 3 potions of cancellation
 g - a potion of brilliance
 h - a potion of flight {unknown}
 i - a potion of mutation {unknown}
 j - 3 potions of curing
 k - a potion of ambrosia {unknown}
 p - a potion of might {unknown}


   Skills:
 - Level 1.1 Short Blades
 - Level 2.6 Dodging
 + Level 6.4 Stealth
 + Level 6.1 Spellcasting
 + Level 6.6 Hexes


You had 6 spell levels left.
You knew the following spells:

 Your Spells              Type           Power      Damage    Failure   Level
a - Ensorcelled Hibernat  Hex/Ice        30%        N/A       5%          2
b - Tukima's Dance        Hex            26%        N/A       2%          3
c - Dazzling Flash        Conj/Hex       30%        N/A       11%         3
d - Confusing Touch       Hex            26%        N/A       2%          3

Your spell library contained the following spells:

 Spells                   Type           Power      Damage    Failure   Level
 Sublimation of Blood     Necr           4%         N/A       21%         2
 Petrify                  Tmut/Erth      4%         N/A       80%         4
 Irradiate                Conj/Tmut      2%         3d14      98%         5


Dungeon Overview and Level Annotations

Branches:
Dungeon (4/15)
 Temple: D:4-7

Altars:


Innate Abilities, Weirdness & Mutations

You are very small and have problems with some larger weapons.
You are too small for most types of armour.
You have supernaturally acute eyesight. (SInv)
You cover ground extremely quickly. (Speed+++)


Message History

Press: ? - help, Dir - look around, f - activate
Okay, then.
Unknown command.
Unknown command.
Adjust (i)tems, (s)pells, or (a)bilities?
Adjust which spell? c - Confusing Touch Adjust to which letter? d - Confusing Touch; c - Dazzling Flash
Casting: Dazzling Flash (quite dangerous; 11% risk of failure)
Confirm with . or Enter, or press ? or * to list all spells.
Your hands begin to glow red.
The ice beast hits your +0 giant spiked club but does no damage.
The iguana bites your +0 giant spiked club but does no damage.
You swap places.
The iguana bites you.
The ice beast hits you but does no damage.
You see here an ogre corpse.
You barely miss the ice beast.
The ice beast is heavily wounded.
Your +0 giant spiked club falls from the air.
The ice beast hits you. The ice beast freezes you!
* * * LOW HITPOINT WARNING * * *
The iguana bites you but does no damage.
Unknown command.
You hit the ice beast but do no damage.
The ice beast appears confused.
The ice beast is heavily wounded.
The ice beast hits the iguana.
The ice beast freezes the iguana!
The iguana seems to slow down.
The iguana completely misses you. The scorpion closely misses you.
The ice beast hits the iguana but does no damage.
Casting: Confusing Touch (dangerous; 2% risk of failure)
Confirm with . or Enter, or press ? or * to list all spells.
Aiming: Ensorcelled Hibernation (safe; 5% risk of failure)
Press: ? - help, Shift-Dir - straight line, f - scorpion
Aim: a scorpion (chance to affect: 49%)
The scorpion looks drowsy...
The iguana is no longer moving slowly.
The iguana misses you.
You hit the scorpion but do no damage. The scorpion misses you.
The iguana bites you!
You die...

.........## ...
..........## ...
..(........# ....
......>....## ...#
....$.......#######..#
....................#
..$..
#........).........#
..... #.....sl...?....#
.....# ##....<@.Y...#####
.J....###...........##
....................#
....................####
.......................#
.......................#
....................##..#
.......#.........)..# #.#
......####...............


You could see an ice beast (confused), a scorpion and an iguana.

Vanquished Creatures
  Jessica (D:2)
  An orc wizard (D:3)
  Natasha (thrice) (D:2)
  3 adders
  A worm (D:2)
  2 dart slugs (D:2)
  6 orcs (D:3)
  9 ball pythons
  7 endoplasms
  2 giant cockroaches (D:1)
  3 goblins
  A hobgoblin (D:1)
  3 jackals (D:1)
  6 quokkas
  5 bats
  2 frilled lizards
  4 kobolds
  5 rats
64 creatures vanquished.

Vanquished Creatures (collateral kills)
  Sigmund (D:3)
  An ogre (D:4)
2 creatures vanquished.

Grand Total: 66 creatures vanquished

Notes
Turn   | Place    | Note
-------+----------+-------------------------------------------
     0 | D:1      | Venedis the Spriggan Enchanter began the quest for the Orb.
     0 | D:1      | Reached XP level 1. HP: 9/9 MP: 5/5
   334 | D:1      | Reached XP level 2. HP: 5/13 MP: 7/7
   548 | D:1      | Learned a level 2 spell: Ensorcelled Hibernation
  1438 | D:2      | Reached XP level 3. HP: 9/16 MP: 0/9
  2082 | D:2      | Noticed Jessica
  2090 | D:2      | Killed Jessica
  2100 | D:2      | Learned a level 3 spell: Tukima's Dance
  2104 | D:2      | Learned a level 3 spell: Confusing Touch
  2180 | D:2      | Reached XP level 4. HP: 21/21 MP: 11/11
  2189 | D:2      | Reached skill level 5 in Hexes
  2507 | D:2      | Identified the +0 scale mail "Bygoqify" {Harm Rampage
                  | +Blink rC-}
  2514 | D:2      | Noticed Natasha
  2520 | D:2      | Killed Natasha
  2762 | D:2      | Noticed Natasha
  2767 | D:2      | Killed Natasha
  2768 | D:2      | Reached skill level 5 in Spellcasting
  2768 | D:2      | Reached XP level 5. HP: 24/24 MP: 10/13
  3030 | D:2      | Noticed Natasha
  3037 | D:2      | Killed Natasha
  3469 | D:3      | Reached skill level 5 in Stealth
  3670 | D:3      | Noticed Sigmund
  3680 | D:3      | Killed Sigmund
  3681 | D:3      | Reached XP level 6. HP: 10/28 MP: 9/15
  4310 | D:3      | Learned a level 3 spell: Dazzling Flash
  4556 | D:4      | Noticed an ice beast
  4574 | D:4      | Slain by an iguana

Illustrated notes

Levels and vault maps discovered:
D:1:      dpeg_arrival_fog, layout_loops_ring
D:2:      layout_rooms, minmay_misc_feat_pillars, kennysheep_nub,
          minmay_misc_feat_iff, minmay_cupped, uniq_natasha, uniq_jessica
D:3:      layout_loops_ring, minmay_tree_intersection, uniq_sigmund
D:4:      layout_layer_cave, grunt_ministairs_7, minmay_manual_moon

Skill      XL: |  1  2  3  4  5  6 |
---------------+-------------------+-----
Spellcasting   | 3 4 5 6 |  6.1
Hexes          | 4 5 6 |  6.6
Stealth        | 5 6 |  6.4
Short Blades   | |  1.1
Dodging        | |  2.6

Action                   |  1- 3 |  4- 6 || total
-------------------------+-------+-------++-------
Melee: Dagger            |    97 |    97 ||   194
       Punch             |     1 |     1 ||     2
Throw: Dart              |     1 |       ||     1
 Cast: Ensorcelled Hiber |    14 |    16 ||    30
       Tukima's Dance    |       |     4 ||     4
       Confusing Touch   |       |     1 ||     1
  Use: Scroll            |     4 |     4 ||     8
 Stab: Sleeping          |    14 |    18 ||    32
       Distracted        |     1 |       ||     1
Armor: Robe              |     6 |    12 ||    18
Dodge: Dodged            |    70 |    73 ||   143

Table legend: (Time is in decaauts)
 A = Elapsed time spent in this place.
 B = Non-inter-level travel time spent in this place.
 C = Inter-level travel time spent in this place.
 D = Time resting spent in this place.
 E = Time spent auto-exploring this place.
 F = Levels seen in this place.
 G = Mean time per level.
                   A        B        C        D        E       F      G
               +--------+--------+--------+--------+--------+-----+--------+
         Total |   3714 |   3521 |    193 |    515 |   2480 |   4 |  928.5 |
       Dungeon |   3714 |   3521 |    193 |    515 |   2480 |   4 |  928.5 |
               +--------+--------+--------+--------+--------+-----+--------+

Top non-repeatable levels by time:
     D:2: 1224 daAuts
     D:1: 1194 daAuts
     D:3: 1095 daAuts
     D:4: 200 daAuts
